 Dungeon Crawl Stone Soup version 0.21.1-1-g345015f (webtiles) character file.

80 lotte the Chiller (level 4, -3/24 HPs)
             Began as a Deep Elf Ice Elementalist on July 5, 2018.
             Slain by a centaur zombie (5 damage)
             ... on level 2 of the Dungeon.
             The game lasted 00:08:17 (2325 turns).

lotte the Chiller (Deep Elf Ice Elementalist)       Turns: 2325, Time: 00:08:18

Health: -3/24      AC:  2    Str:  5    XL:     4   Next: 18%
Magic:  12/12      EV: 13    Int: 21    God:
Gold:   111        SH:  0    Dex: 15    Spells: 8/12 levels left

rFire    . . .     SeeInvis .   (no weapon)
rCold    . . .     Gourm    .   (no shield)
rNeg     . . .     Faith    .   a - +0 robe
rPois    .         Spirit   .   (no helmet)
rElec    .         Reflect  .   (no cloak)
rCorr    .         Harm     .   (no gloves)
MR       .....                  (no boots)
Stlth    ++........             (no amulet)
HPRegen  0.08/turn              (no ring)
MPRegen  0.13/turn              (no ring)

@: no status effects
A: no striking features
a: no special abilities


You were on level 2 of the Dungeon.
You were not hungry.

You visited 1 branch of the dungeon, and saw 2 of its levels.

You collected 111 gold pieces.

Inventory:

Hand Weapons
 f - a +0 club
Armour
 a - a +0 robe (worn)
Scrolls
 d - 3 scrolls of identify
Potions
 g - a potion of ambrosia
 j - a potion of heal wounds {unknown}
 l - a potion of magic {unknown}
 m - a potion of agility {unknown}
 n - 4 potions of curing {unknown}
Books
 b - a book of Frost

   Spells                             Type                      Level
   a - Freeze                         Ice                          1
   b - Throw Frost                    Conjuration/Ice              2
   c - Ozocubu's Armour               Charms/Ice                   3
   d - Throw Icicle                   Conjuration/Ice              4
   e - Summon Ice Beast               Ice/Summoning                4
Comestibles
 c - 3 rations


   Skills:
 - Level 2.5 Dodging
 - Level 2.4 Stealth
 * Level 4.6 Spellcasting
   Level 1.1 Conjurations
 * Level 4.6 Ice Magic


You had 8 spell levels left.
You knew the following spells:

 Your Spells              Type           Power        Failure   Level  Hunger
a - Freeze                Ice            ###.         1%          1    None
b - Ozocubu's Armour      Chrm/Ice       ##......     13%         3    ##.....


Dungeon Overview and Level Annotations

Branches:
Dungeon (2/15)

Altars:
Ru


Message History

The centaur zombie closely misses you. The centaur zombie hits you.
You hit the centaur zombie but do no damage.
The centaur zombie is moderately damaged.
The centaur zombie closely misses you.
You hit the centaur zombie but do no damage.
The centaur zombie is moderately damaged.
The centaur zombie closely misses you.
You hit the centaur zombie.
The centaur zombie is moderately damaged.
The centaur zombie hits you.
* * * LOW HITPOINT WARNING * * *
You hit the centaur zombie.
The centaur zombie is moderately damaged.
The centaur zombie hits you.
* * * LOW HITPOINT WARNING * * *
The centaur zombie barely misses you.
You hit the centaur zombie.
The centaur zombie is moderately damaged.
The centaur zombie hits you.
You die...

******#.......,* #....##.# #. *
*,,,,,...##.+#######'.##.# #. *
*,******,**,#...#..)#....# #. *
*,* *,**,#...#...#.#### ###.
***,*** *,***#.......### ##...
*,,,,,* *,* ###._.#########.###
,,*,*,****,***#.......#......## #
,,,,,,,,,*,**,#.Z.#...#......#
,,*,*,**,*.##,#.@.#...#.#.##.## #
*,,,,,**,*....+#######+.#>.##.###
***,****,*##.......#....#..###...
* *,* *,,.........##......# ####
* *,*******#.####.#####.##.# *
*,,,* *,* #.# #.##.###### * ***,*
*,* #<# #.##....... *,* *,* #.#
#.######### *,* *,* ##.## #.# ##


You could see a centaur zombie.

Vanquished Creatures
  An orc wizard (D:2)
  An adder (D:2)
  2 worms (D:2)
  A dart slug (D:1)
  A leopard gecko (D:1)
  5 bats
  A giant cockroach (D:1)
  3 goblins
  7 hobgoblins
  6 kobolds
  2 frilled lizards (D:1)
  2 rats
32 creatures vanquished.

Notes
Turn   | Place    | Note
-------+----------+-------------------------------------------
     0 | D:1      | lotte the Deep Elf Ice Elementalist began the quest for the Orb.
     0 | D:1      | Reached XP level 1. HP: 10/10 MP: 6/6
   313 | D:1      | Reached XP level 2. HP: 14/15 MP: 4/8
  1191 | D:2      | Reached XP level 3. HP: 13/19 MP: 7/10
  1431 | D:2      | Learned a level 3 spell: Ozocubu's Armour
  2183 | D:2      | Found a sacrificial altar of Ru.
  2188 | D:2      | Reached XP level 4. HP: 13/24 MP: 4/12
  2325 | D:2      | Slain by a centaur zombie

Skill      XL: |  1  2  3 |
---------------+----------+-----
Ice Magic      | 4 |  4.6
Spellcasting   | 4 |  4.6
Dodging        | |  2.5
Stealth        | |  2.4
Conjurations   | |  1.1

Action                   |  1- 3 |  4- 6 || total
-------------------------+-------+-------++-------
Melee: Unarmed           |       |    10 ||    10
 Cast: Freeze            |    53 |     4 ||    57
       Ozocubu's Armour  |     4 |       ||     4
  Use: Scroll            |     5 |       ||     5
  Eat: Ration            |     1 |       ||     1
       Chunk             |     1 |       ||     1
Armor: Robe              |     7 |     2 ||     9
Dodge: Dodged            |    24 |    11 ||    35
